AoeStats
← Denera

Arabian Desert

509999764Analyzed
1v1 RM · 3d ago on Sep 29, 2026· 51m 27s· 2 players
Game mode
Random Map
Map size
Tiny (2 player)
Population
200
Speed
Normal
Resources
Standard
Victory
Conquest
Starting age
Dark Age
Ending age
Imperial Age
RankedLock teamsTeams togetherTeam positionsShared explorationLock speedFull tech treeHidden civsTurbo modeCheats
Victory
Defeat
🇧🇷 Hindustanis · Brazil
1418
+18
🇦🇷 Mongols · Argentina
1458
-18
Denera
4:03 Loom
9:09 Feudal Age
10:16 Double-Bit Axe
13:50 Horse Collar
14:11 Town Watch
20:34 Castle Age
18:41 Gold Mining
19:17 Bloodlines
19:49 Scale Barding Armor
20:30 Forging
22:10 Wheelbarrow
25:23 Bow Saw
26:21 Husbandry
30:50 Chain Barding Armor
31:23 Stone Mining
32:32 Heavy Plow
33:24 Gold Shaft Mining
37:41 Imperial Age
36:52 Iron Casting
36:46 Fletching
37:23 Hand Cart
37:50 Heavy Camel Rider
39:09 Plate Barding Armor
39:17 Conscription
41:52 Two-Man Saw
42:17 Blast Furnace
42:38 Bodkin Arrow
43:08 Ballistics
43:48 Chemistry
42:41 Elite Skirmisher
44:14 Grand Trunk Road
44:23 Imperial Camel Rider
45:06 Padded Archer Armor
46:07 Leather Archer Armor
45:54 Bracer
45:52 Murder Holes
46:07 Masonry
45:32 Light Cavalry
48:23 Ring Archer Armor
48:29 Shatagni
48:38 Siege Engineers
48:33 Guard Tower
51:33 Scale Mail Armor
51:34 Squires
51:19 Arson
Toto_IV
7:54 Feudal Age
6:10 Loom
8:53 Double-Bit Axe
9:29 Horse Collar
20:45 Castle Age
19:37 Gold Mining
19:48 Fletching
20:46 Bloodlines
21:28 Husbandry
21:41 Bow Saw
22:04 Bodkin Arrow
25:43 Ballistics
29:54 Stone Mining
31:12 Wheelbarrow
30:22 Town Watch
35:21 Imperial Age
34:53 Padded Archer Armor
36:05 Bracer
37:31 Chemistry
38:17 Thumb Ring
42:16 Heavy Camel Rider
43:02 Scale Barding Armor
43:08 Forging
43:32 Conscription
45:05 Scale Barding Armor
48:31 Forging
50:46 Chain Barding Armor
Connection lost

Rejoining the realm…

Still unreachable

The connection could not be restored.

Session expired

The server has moved on; the page needs a fresh start.